 Dungeon Crawl Stone Soup version 0.27.1-33-g824d729ab1 (webtiles) character file.

Game seed: 3371694558572434870

462 jlumianski the Ducker (level 7, -3/59 HPs)
             Began as a Gnoll Monk on Dec 19, 2021.
             Was an Initiate of Uskayaw.
             Slain by an orc knight (6 damage)
             ... created by the fury of Okawaru
             ... on level 4 of the Dungeon.
             The game lasted 00:21:53 (4366 turns).

jlumianski the Ducker (Gnoll Monk)                  Turns: 4366, Time: 00:21:53

Health: -3/59      AC: 19    Str: 12    XL:     7   Next: 7%
Magic:  7/10       EV:  4    Int: 10    God:    Uskayaw [......]
Gold:   160        SH:  0    Dex: 14    Spells: 10/10 levels left

rFire    . . .     SeeInvis .   x - +2 flail (protect)
rCold    . . .     Faith    .   (no shield)
rNeg     + + +     Spirit   .   h - +0 plate armour {rN+}
rPois    .         Reflect  .   t - +0 helmet
rElec    .         Harm     .   (no cloak)
rCorr    .         Rampage  .   (no gloves)
Will     .....                  (no boots)
Stlth    ..........             (no amulet)
HPRegen  0.19/turn              n - ring of positive energy
MPRegen  0.12/turn              D - ring of positive energy

@: under a protective aura
A: fangs 1, strong nose, distributed training
a: Renounce Religion


You were on level 4 of the Dungeon.
You worshipped Uskayaw.
Uskayaw was noncommittal.
You visited 1 branch of the dungeon, and saw 4 of its levels.

You collected 160 gold pieces.

Inventory:

Hand Weapons
 a - a +0 hand axe
 i - a +0 club
 m - a +0 dagger of speed
 u - a +0 hunting sling
 v - a +0 hunting sling
 x - a +2 flail of protection (weapon)
 E - a +1 mace of protection
Missiles
 d - 102 stones (quivered)
 w - 4 boomerangs
 A - 37 sling bullets
 C - 38 bolts
Armour
 b - a +0 robe
 h - a +0 plate armour of positive energy (worn)
 t - a +0 helmet (worn)
Magical Staves
 j - a staff of earth
Jewellery
 n - a ring of positive energy (left hand)
 q - a ring of see invisible
 D - a ring of positive energy (right hand)
Wands
 r - a wand of polymorph (4)
 F - a wand of flame (14)
Scrolls
 c - 2 scrolls of enchant weapon
 e - a scroll of noise
 g - a scroll of brand weapon
 k - 2 scrolls of teleportation
 p - a scroll of acquirement {unknown}
 y - a scroll of fog {unknown}
 B - a scroll of immolation {unknown}
Potions
 f - 3 potions of might
 l - 2 potions of curing
 o - a potion of degeneration
 s - a potion of berserk rage
 G - a potion of resistance {unknown}


   Skills:
 + Level 6.9 Fighting
 + Level 2.2 Short Blades
 + Level 2.2 Long Blades
 + Level 6.9 Axes
 + Level 2.2 Maces & Flails
 + Level 2.2 Polearms
 + Level 2.2 Staves
 + Level 2.2 Slings
 + Level 2.2 Bows
 + Level 2.2 Crossbows
 + Level 2.2 Throwing
 + Level 2.2 Armour
 + Level 6.9 Dodging
 + Level 4.7 Stealth
 + Level 2.2 Shields
 + Level 2.2 Unarmed Combat
 + Level 2.2 Spellcasting
 + Level 1.8 Conjurations
 + Level 1.8 Hexes
 + Level 1.8 Summonings
 + Level 1.8 Necromancy
 + Level 1.8 Translocations
 + Level 1.8 Transmutations
 + Level 1.8 Fire Magic
 + Level 1.8 Ice Magic
 + Level 1.8 Air Magic
 + Level 1.8 Earth Magic
 + Level 1.8 Poison Magic
 + Level 2.5 Invocations
 + Level 2.2 Evocations


You had 10 spell levels left.
You didn't know any spells.
Your spell library contained the following spells:

 Spells                   Type           Power      Damage    Failure   Level
 Summon Small Mammal      Summ           16%        N/A       100%        1


Dungeon Overview and Level Annotations

Branches:
Dungeon (4/15)
 Temple: D:4-7

Altars:
Cheibriados
Kikubaaqudgha
Okawaru
Ru
Sif Muna
Trog
Uskayaw
Vehumet


Innate Abilities, Weirdness & Mutations

You have very sharp teeth.
Your uncanny sense of smell can sniff out nearby items.
Your experience applies equally to all skills.


Message History

The bullfrog zombie completely misses you.
You sock the bullfrog zombie!
The bullfrog zombie is almost destroyed.
The bullfrog zombie barely misses you.
You can now stomp with the beat.
You sock the bullfrog zombie!
You destroy the bullfrog zombie!
Okay, then.
Unknown command.
Okawaru sends forces against you! 5 orcs, a minotaur, an ogre and a troll come into view.
The orc warrior is wielding a +2 flail of protection.
An orc is wielding a +0 club and wearing a +2 ring mail of cold resistance.
You stomp with the beat, sending a shockwave through the revellers around you!
The ogre is moderately wounded.
You can no longer stomp with the beat.
The orc shouts! x2; The troll shouts!
The orc shouts!
You sock the ogre!
Your weapon exudes an aura of protection.
The ogre is heavily wounded.
The ogre hits you with a +0 giant club.
You sock the ogre!
The ogre is severely wounded.
The orc knight hits you with a +3 great sword!
The minotaur throws a javelin.
The javelin pierces through you! The ogre hits you with a +0 giant club.
You closely miss the ogre.
The ogre is severely wounded.
The orc knight hits you with a +3 great sword!!
* * * LOW HITPOINT WARNING * * *
The ogre hits you with a +0 giant club.
* * * LOW HITPOINT WARNING * * *
You hit the ogre. You bite the ogre.
You kill the ogre!
That felt strangely unrewarding.
The orc knight hits you with a +3 great sword.
* * * LOW HITPOINT WARNING * * *
The minotaur hits you but does no damage.
The minotaur gores you but does no damage.
The orc knight hits you with a +3 great sword.
You die...

....##..##....#.........#..
................##..###.....#.
..#.........#>..#.....#.###..
...###.....>..........#...#.##
...# ##.###.......###.....#.
...###.## ####......#.###..
......## #.....o.#...#.###
##...## #...Ho......#...# ###
##.## ##.##@oTo........#.!.#
###.## #..####o......##.....#
.....## #.## ##...........#.
#.##..## ##.# #.....##.......
..###..####..# ##.....###..###
..# ##......## ####...รท..##
## .##
##..##..####..........#.# .#
#.#####.#..............# .##
##.# ##..............##


You could see a minotaur, an orc knight, a troll, an orc warrior and 3 orcs.

Vanquished Creatures
  Grinder (D:4)
  An ogre (D:4)
  A scorpion (D:4)
  A bullfrog zombie (D:4)
  Natasha (twice) (D:4)
  Robin (D:3)
  An adder (D:2)
  An ufetubus (D:4)
  An adder skeleton (D:4)
  A worm (D:4)
  2 dart slugs (D:1)
  4 orcs (D:3)
  12 endoplasms
  4 giant cockroaches
  16 goblins
  11 hobgoblins
  4 jackals
  7 kobolds
  2 quokkas (D:1)
  5 ball pythons
  9 bats
  A frilled lizard (D:2)
  3 rats
91 creatures vanquished.

Notes
Turn   | Place    | Note
-------+----------+-------------------------------------------
     0 | D:1      | jlumianski the Gnoll Monk began the quest for the Orb.
     0 | D:1      | Reached XP level 1. HP: 23/23 MP: 1/1
   175 | D:1      | Reached XP level 2. HP: 24/29 MP: 2/2
   810 | D:1      | Reached XP level 3. HP: 29/35 MP: 3/3
  1171 | D:1      | Found a faded altar of an unknown god.
  1187 | D:1      | Became a worshipper of Warmaster Okawaru
  1187 | D:1      | Reached * piety under Okawaru
  1187 | D:1      | Reached ** piety under Okawaru
  1461 | D:2      | Reached skill level 1 in Invocations
  1555 | D:2      | Reached skill level 1 in Short Blades
  1555 | D:2      | Reached skill level 1 in Long Blades
  1555 | D:2      | Reached skill level 1 in Maces & Flails
  1555 | D:2      | Reached skill level 1 in Polearms
  1555 | D:2      | Reached skill level 1 in Staves
  1555 | D:2      | Reached skill level 1 in Slings
  1555 | D:2      | Reached skill level 1 in Bows
  1555 | D:2      | Reached skill level 1 in Crossbows
  1555 | D:2      | Reached skill level 1 in Throwing
  1555 | D:2      | Reached skill level 1 in Armour
  1555 | D:2      | Reached skill level 1 in Shields
  1555 | D:2      | Reached skill level 1 in Unarmed Combat
  1555 | D:2      | Reached skill level 1 in Spellcasting
  1555 | D:2      | Reached skill level 1 in Evocations
  1601 | D:2      | Reached XP level 4. HP: 41/41 MP: 5/5
  2011 | D:3      | Noticed Robin
  2125 | D:3      | Killed Robin
  2125 | D:3      | Reached *** piety under Okawaru
  2126 | D:3      | Reached skill level 1 in Conjurations
  2126 | D:3      | Reached skill level 1 in Hexes
  2126 | D:3      | Reached skill level 1 in Summonings
  2126 | D:3      | Reached skill level 1 in Necromancy
  2126 | D:3      | Reached skill level 1 in Translocations
  2126 | D:3      | Reached skill level 1 in Transmutations
  2126 | D:3      | Reached skill level 1 in Fire Magic
  2126 | D:3      | Reached skill level 1 in Ice Magic
  2126 | D:3      | Reached skill level 1 in Air Magic
  2126 | D:3      | Reached skill level 1 in Earth Magic
  2126 | D:3      | Reached skill level 1 in Poison Magic
  2433 | D:3      | Found a snail-covered altar of Cheibriados.
  2573 | D:3      | Found a bloodstained altar of Trog.
  3062 | D:4      | Noticed Natasha
  3067 | D:4      | Killed Natasha
  3068 | D:4      | Reached XP level 5. HP: 47/47 MP: 5/7
  3120 | D:4      | Noticed Natasha
  3128 | D:4      | Killed Natasha
  3488 | D:4      | Reached XP level 6. HP: 53/53 MP: 8/8
  3563 | D:4      | Found a sacrificial altar of Ru.
  3613 | D:4      | Found a radiant altar of Vehumet.
  3617 | D:4      | Found a shimmering blue altar of Sif Muna.
  3617 | D:4      | Found an ancient bone altar of Kikubaaqudgha.
  3624 | D:4      | Got Sif Muna's Compendium of Calling
  3689 | D:4      | Noticed Grinder
  3711 | D:4      | Killed Grinder
  4136 | D:4      | Reached XP level 7. HP: 59/59 MP: 10/10
  4233 | D:4      | Found a hide-covered altar of Uskayaw.
  4238 | D:4      | Fell from the grace of Okawaru
  4238 | D:4      | Became a worshipper of Uskayaw the Reveller
  4327 | D:4      | Reached * piety under Uskayaw
  4362 | D:4      | Noticed a minotaur
  4362 | D:4      | Noticed an orc knight
  4362 | D:4      | Noticed a troll
  4366 | D:4      | Slain by an orc knight

Illustrated notes

Levels and vault maps discovered:
D:1:      roderic_octagonal_star, layout_basic,
          hellmonk_ecumenical_altar_slurped_away
D:2:      layout_rooms
D:3:      minmay_general_purpose_star, layout_basic,
          mainiacjoe_overflow_concentric_impassable,
          nicolae_overflow_crystal_walls, guppyfry_early_orc_mine, uniq_robin
D:4:      layout_layer_cave, grunt_temple_overflow_magic_moments,
          mainiacjoe_overflow_brackets, general_overflow_altar,
          hangedman_decor_points, serial_park_tiny_1, uniq_natasha, uniq_grinder

Skill      XL: |  1  2  3  4  5  6 |
---------------+-------------------+-----
Invocations    | 1 2 |  2.5
Short Blades   | 1 2 |  2.2
Long Blades    | 1 2 |  2.2
Maces & Flails | 1 2 |  2.2
Polearms       | 1 2 |  2.2
Staves         | 1 2 |  2.2
Slings         | 1 2 |  2.2
Bows           | 1 2 |  2.2
Crossbows      | 1 2 |  2.2
Throwing       | 1 2 |  2.2
Armour         | 1 2 |  2.2
Shields        | 1 2 |  2.2
Unarmed Combat | 1 2 |  2.2
Spellcasting   | 1 2 |  2.2
Evocations     | 1 2 |  2.2
Conjurations   | 1 |  1.8
Hexes          | 1 |  1.8
Summonings     | 1 |  1.8
Necromancy     | 1 |  1.8
Translocations | 1 |  1.8
Transmutations | 1 |  1.8
Fire Magic     | 1 |  1.8
Ice Magic      | 1 |  1.8
Air Magic      | 1 |  1.8
Earth Magic    | 1 |  1.8
Poison Magic   | 1 |  1.8
Fighting       | |  6.9
Axes           | |  6.9
Dodging        | |  6.9
Stealth        | |  4.7

Action                   |  1- 3 |  4- 6 |  7- 9 || total
-------------------------+-------+-------+-------++-------
Melee: Hand axe          |   133 |   100 |       ||   233
       Bite              |    13 |    16 |     3 ||    32
       Flail             |       |    77 |    11 ||    88
       Punch             |       |       |     1 ||     1
Invok: Stomp             |       |       |     1 ||     1
  Use: Scroll            |       |     8 |       ||     8
       Potion            |       |       |     1 ||     1
 Stab: Sleeping          |     3 |       |       ||     3
Armor: Robe              |     6 |       |       ||     6
       Plate armour      |    53 |   169 |     6 ||   228
       Skin              |       |     2 |       ||     2
Dodge: Dodged            |    60 |    32 |     5 ||    97
